 Dungeon Crawl Stone Soup version 0.29.1-1-gd02db6906a (webtiles) character file.

Game seed: 4543740294093977805

47870 MisterFreud the Warrior (level 14, -7/146 HPs)
             Began as a Hill Orc Wanderer on Sept 17, 2022.
             Was an Initiate of Yredelemnul.
             Shot with an arrow by Nessos (19 damage)
             ... on level 12 of the Dungeon.
             The game lasted 00:30:57 (18290 turns).

MisterFreud the Warrior (Hill Orc Wanderer)        Turns: 18290, Time: 00:30:58

Health: -7/146     AC: 18    Str: 21    XL:     14   Next: 43%
Magic:  20/24      EV: 14    Int: 14    God:    Yredelemnul [......]
Gold:   1841       SH:  3    Dex:  4    Spells: 15/16 levels left

rFire   . . .      SeeInvis .   a - +10 war axe "Demoq" {drain, Fly Int+2 Dex-5}
rCold   . . .      Faith    +   h - +0 buckler
rNeg    . . .      Spirit   .   A - +1 swamp dragon scales
rPois   +          Reflect  .   (helmet restricted)
rElec   .          Harm     .   t - scarf {+Inv}
rCorr   .          Rampage  .   m - +0 pair of gloves
Will    ++...                   L - +0 pair of boots
Stlth   ..........              q - amulet of faith
HPRegen 0.34/turn               e - +4 ring of protection
MPRegen 0.19/turn               o - +4 ring of evasion

@: lethally poisoned (-7 -> -35), flying
A: horns 1, strong-willed 1
a: Renounce Religion, Evoke Invisibility, Recall Undead Harvest


You were on level 12 of the Dungeon.
You worshipped Yredelemnul.
Yredelemnul was pleased with you.
You visited 3 branches of the dungeon, and saw 18 of its levels.
You also visited: Volcano.

You collected 1945 gold pieces.
You spent 104 gold pieces at shops.

Inventory:

Hand Weapons
 a - the +10 war axe "Demoq" (weapon) {drain, Fly Int+2 Dex-5}
   (You found it on level 1 of the Lair of Beasts)

   A truly terrible weapon, it drains the life of any living foe it strikes.
   Int:       It affects your intelligence (+2).
   Dex:       It affects your dexterity (-5).
   Fly:       It grants you flight.
 b - a +2 war axe of flaming
Missiles
 n - 2 throwing nets
 C - 2 javelins
 H - 5 boomerangs
Armour
 h - a +0 buckler (worn)
 m - a +0 pair of gloves (worn)
 t - a scarf of invisibility (worn)
 A - +1 swamp dragon scales (worn)
 D - a +0 ring mail
 L - a +0 pair of boots (worn)
Jewellery
 e - a +4 ring of protection (left hand)
 o - a +4 ring of evasion (right hand)
 q - an amulet of faith (around neck)
 u - an amulet of reflection
 Q - an amulet of guardian spirit
 T - a +6 ring of intelligence
Wands
 z - a wand of flame (22)
 B - a wand of roots (5)
 I - a wand of digging (8)
 R - a wand of mindburst (8)
Scrolls
 c - a scroll of blinking
 d - 6 scrolls of teleportation
 p - 2 scrolls of summoning
 w - 8 scrolls of identify
 x - 3 scrolls of amnesia
 y - a scroll of fear
 E - 2 scrolls of poison
 F - 5 scrolls of magic mapping
 J - a scroll of enchant weapon
 K - a scroll of butterflies
 M - 2 scrolls of enchant armour
 N - a scroll of immolation
Potions
 f - 6 potions of curing
 g - 2 potions of attraction
 i - 6 potions of heal wounds
 j - 4 potions of lignification
 k - 4 potions of mutation
 l - 3 potions of haste
 r - 4 potions of brilliance
 s - 2 potions of invisibility
 v - 4 potions of might
 G - a potion of cancellation
 O - a potion of ambrosia
 P - 2 potions of resistance


   Skills:
 + Level 19.1 Fighting
 - Level 16.0 Axes
 - Level 10.0 Armour
 - Level 4.0 Shields
 - Level 1.5 Spellcasting
 - Level 1.0 Air Magic
 - Level 14.0 Invocations
 - Level 1.0 Evocations


You had 15 spell levels left.
You knew the following spells:

 Your Spells              Type           Power      Damage    Failure   Level
a - Shock                 Conj/Air       8%         1d3       36%         1

Your spell library contained the following spells:

 Spells                   Type           Power      Damage    Failure   Level
 Ensorcelled Hibernation  Hex/Ice        2%         N/A       58%         2
 Sublimation of Blood     Necr           1%         N/A       58%         2
 Wereblood                Tmut           1%         N/A       58%         2
 Mephitic Cloud           Conj/Pois/Air  2%         N/A       77%         3
 Dazzling Flash           Conj/Hex       2%         N/A       82%         3
 Portal Projectile        Hex/Tloc       2%         N/A       82%         3
 Spider Form              Tmut/Pois      1%         N/A       82%         3
 Tukima's Dance           Hex            1%         N/A       82%         3
 Anguish                  Hex/Necr       0%         N/A       99%         4
 Iskenderun's Mystic Bla  Conj/Tloc      1%         2d3       99%         4
 Blade Hands              Tmut           0%         N/A       100%        5
 Starburst                Conj/Fire      0%         6d3       100%        6
 Summon Hydra             Summ           0%         N/A       100%        7


Dungeon Overview and Level Annotations

Branches:
Dungeon (12/15)            Temple (1/1) D:7            Lair (5/5) D:10
  Swamp (0/4) Lair:3       Spider (0/4) Lair:2        Slime (0/5) Lair:5
    Orc (0/2) D:11        Volcano (visited)

Altars:
Ashenzari
Cheibriados
Dithmenos
Elyvilon
Fedhas
Gozag
Hepliaklqana
Kikubaaqudgha
Makhleb
Nemelex Xobeh
Okawaru
Qazlal
Ru
Sif Muna
Trog
Vehumet
Wu Jian
Xom
Yredelemnul
Zin
The Shining One
Jiyva

Shops:
D:4 ([   D:6 *

Portals:
Abyss: D:4

Annotations:
D:3 2 transporters
D:4 2 transporters, kthxbai's ghost, novice VSFi
D:8 exclusion: oklob plant
D:12 Nessos
Lair:2 3 runed translucent doors, Manslay's ghost, journeyman OpCj; Prince Ribbit


Innate Abilities, Weirdness & Mutations

You have a pair of small horns on your head.
You are strong-willed. (Will+)


Message History

A cyclops comes into view.
Nessos shoots an arrow.
The arrow hits you! The arrow burns you.
You are poisoned.
Items here: ))) [.
You slice the efreet!! You headbutt the efreet!
You kill the efreet!
A black mist starts to gather...
The sentinel's mark upon you fades away.
You feel very sick.
Your vampire mosquito zombie barely misses Nessos.
A basilisk comes into view.
The cyclops throws a large rock.
The large rock hits your spectral efreet!!
Unknown command.
You feel very sick.
Nessos shoots an arrow.
The arrow completely misses you.
Your vampire mosquito zombie barely misses Nessos.
Nessos shoots an arrow.
The arrow hits you! The arrow burns you.
You are more poisoned.
Your vampire mosquito zombie bites Nessos!
A deep elf pyromancer comes into view. It is wielding a +0 long sword.
The basilisk gazes at you. You resist with almost no effort.
Your spectral efreet is engulfed in blazing flames.
Your spectral efreet is destroyed!
Items here: ( )) ?.
You feel extremely sick.
Your vampire mosquito zombie bites Nessos but does no damage.
You see here a +0 whip.
You feel very sick.
Nessos shoots an arrow.
The arrow hits you!
* * * LOW HITPOINT WARNING * * *
The arrow burns you!
You are more poisoned.
* * * LOW HITPOINT WARNING * * *
Nessos shoots an arrow.
The arrow barely misses you.
Your vampire mosquito zombie bites Nessos but does no damage.
Nessos shoots an arrow.
The arrow hits you!!
You die...
Your body rises from the dead as a mindless zombie.

#...........#.
#.............
#############.######..
....... ##....#....
....... ##).(....#
.......####...##..##
..........))..# .....
.......#..))####.##...
..........Zc)@...# ..
.)....).)..°#####.....
......)......# .
###.#........#
#...######.# #..## .#
#.. lC ... #e. .. ...


You could see Nessos (fast, ally target) and a friendly vampire mosquito zombie.

Vanquished Creatures
  A hydra (Lair:3)
  2 boulder beetles
  A two-headed ogre (D:12)
  Nergalle (Lair:3)
  3 skeletal warriors
  A spriggan rider (Lair:5)
  Pikel (D:6)
  6 deep elf pyromancers (Volcano)
  An ugly thing (D:11)
  2 manticores
  5 black mambas
  8 cane toads
  6 komodo dragons
  4 kobold demonologists
  4 rime drakes
  An unseen horror (D:10)
  An efreet (D:12)
  2 trolls
  A meliai (Lair:2)
  A tyrant leech (D:9)
  5 polar bears
  3 hornets
  9 dream sheep (Lair:5)
  5 blink frogs
  Sigmund (D:6)
  A vampire (D:11)
  3 wyverns
  10 spriggans (Lair:5)
  28 yaks
  3 fire elementals (Volcano)
  2 steam dragons (D:9)
  2 basilisks
  Menkaure (D:6)
  2 swamp worms (Lair:3)
  5 hell hounds
  12 water moccasins
  3 orc warriors
  7 black bears
  An ice beast (D:8)
  2 ogres
  29 wolves
  5 boggarts (Lair:5)
  A centaur (D:6)
  A lemure (D:6)
  5 phantoms
  3 kobold brigands
  10 bullfrogs
  4 scorpions
  A gnoll sergeant (D:10)
  2 necrophages (D:5)
  4 wights (D:10)
  11 killer bees
  2 howler monkeys
  6 orc priests
  A jelly (D:3)
  5 hounds
  Jessica (D:2)
  2 iguanas
  11 orc wizards
  5 gnolls
  9 adders
  3 shadow imps
  2 white imps
  2 ufetubi (D:5)
  2 worms (D:2)
  A dart slug (D:5)
  20 orcs
  9 endoplasms
  2 giant cockroaches (D:1)
  2 goblins
  8 hobgoblins
  4 quokkas
  5 ball pythons
  5 bats
  A frilled lizard (D:1)
  17 kobolds
  8 rats
  A plant (Lair:2)
367 creatures vanquished.

Vanquished Creatures (collateral kills)
  2 hydras
  A deep elf archer (Volcano)
  A cyclops (D:12)
  An orange demon (Lair:2)
  2 cane toads (Lair:5)
  4 komodo dragons
  4 blink frogs
  7 dream sheep (Lair:5)
  10 yaks
  2 fire elementals (Volcano)
  3 vampire mosquitoes (D:12)
  A hell hound (Volcano)
  11 wolves
  A kobold brigand (D:12)
  2 bullfrogs (Lair:4)
  A howler monkey (D:8)
  An orc wizard (D:12)
  3 gnolls (D:10)
  2 orcs
  4 kobolds
  A bush (Lair:5)
  A butterfly (Lair:1)
65 creatures vanquished.

Vanquished Creatures (others)
  A hydra (D:12)
  An unseen horror (D:12)
  A swamp worm zombie (Lair:3)
  A spectral demonspawn (D:12)
  A black mamba zombie (Lair:5)
  A spectral efreet (D:12)
  2 dream sheep zombies (Lair:5)
  A hornet zombie (Lair:5)
  2 blink frog zombies
  A vampire mosquito zombie (D:12)
  A hell hound zombie (Volcano)
  2 water moccasin zombies
  3 spriggan zombies (Lair:5)
  6 yak zombies
  12 wolf zombies
  2 black bear zombies (Lair:5)
  A bullfrog zombie (Lair:4)
  7 kobold zombies (D:12)
  A killer bee zombie (Lair:2)
  A howler monkey zombie (D:8)
  A steam dragon zombie (D:9)
  An iguana zombie (Lair:3)
  3 orc zombies
  A demonic plant (D:1)
  63 fungi
  94 plants
  A withered plant (D:1)
212 creatures vanquished.

Grand Total: 644 creatures vanquished

Notes
Turn   | Place    | Note
-------+----------+-------------------------------------------
     0 | D:1      | MisterFreud the Hill Orc Wanderer began the quest for the
                  | Orb.
     0 | D:1      | MisterFreud set off with the following items: a +2 hand
                  | axe, a +0 ring mail, a scroll of blinking; and the
                  | following spell memorised: Shock; and the following spells
                  | available to memorise: Mephitic Cloud.
     0 | D:1      | Reached XP level 1. HP: 18/18 MP: 3/3
   166 | D:1      | Reached XP level 2. HP: 23/25 MP: 4/4
   523 | D:1      | Reached skill level 3 in Fighting
   566 | D:1      | Found a faded altar of an unknown god.
   573 | D:1      | Reached skill level 5 in Axes
   667 | D:1      | Reached XP level 3. HP: 29/31 MP: 5/5
  1098 | D:2      | Noticed Jessica
  1107 | D:2      | Killed Jessica
  1108 | D:2      | Reached skill level 1 in Shields
  1108 | D:2      | Reached XP level 4. HP: 36/38 MP: 6/6
  1494 | D:2      | Found a sparkling altar of Nemelex Xobeh.
  1738 | D:3      | Reached XP level 5. HP: 38/46 MP: 7/7
  1870 | D:3      | Found a transporter.
  1912 | D:3      | Reached skill level 4 in Fighting
  2049 | D:3      | Reached XP level 6. HP: 52/53 MP: 8/8
  2457 | D:3      | Found a transporter.
  2460 | D:3      | Noticed a kobold demonologist
  2605 | D:4      | Found an iron altar of Okawaru.
  2609 | D:4      | Found a bloodstained altar of Trog.
  2614 | D:4      | Found a hazy altar of Hepliaklqana.
  2614 | D:4      | Found a stormy altar of Qazlal.
  2660 | D:4      | Found a transporter.
  2671 | D:4      | Found Zuedureo's Antique Armour Emporium.
  2671 | D:4      | Found a transporter.
  2698 | D:4      | Found a one-way gate to the infinite horrors of the Abyss.
  2698 | D:4      | Noticed kthxbai's ghost (novice VSFi)
  2704 | D:4      | Noticed a small abomination
  2879 | D:4      | Noticed a small abomination
  2911 | D:4      | Found Sicwied's Weapon Shop.
  3101 | D:5      | Entered Level 5 of the Dungeon
  3175 | D:5      | Reached skill level 5 in Fighting
  3175 | D:5      | Reached XP level 7. HP: 37/61 MP: 9/9
  3348 | D:5      | Found a broken altar of Ashenzari.
  3449 | D:5      | Reached skill level 6 in Fighting
  3814 | D:4      | Gained mutation: You have a pair of small horns on your
                  | head. [potion of mutation]
  3814 | D:4      | Gained mutation: You are strong-willed. (Will+) [potion of
                  | mutation]
  3821 | D:4      | Reached XP level 8. HP: 24/70 MP: 10/10
  4226 | D:5      | You fall into a shaft and drop 3 floors!
  4529 | D:6      | Noticed Sigmund
  4553 | D:6      | Killed Sigmund
  4554 | D:6      | Reached skill level 10 in Axes
  4554 | D:6      | Reached skill level 5 in Armour
  4905 | D:6      | Noticed Menkaure
  5213 | D:5      | Reached XP level 9. HP: 75/75 MP: 11/11
  5226 | D:6      | Noticed Pikel
  5262 | D:6      | Killed Pikel
  5264 | D:6      | Found Ocibust's Assorted Antiques.
  5271 | D:6      | Bought a glowing war axe for 104 gold pieces
  5495 | D:6      | Killed Menkaure
  5496 | D:6      | Reached skill level 7 in Fighting
  5781 | D:7      | Reached skill level 8 in Fighting
  6442 | D:7      | Noticed Maggie
  6446 | D:7      | Noticed Maggie
  6446 | D:7      | Maggie changed into Maggie the rime drake
  6451 | D:7      | Killed Maggie the rime drake
  6452 | D:7      | Reached skill level 9 in Fighting
  6516 | D:7      | Found a staircase to the Ecumenical Temple.
  6525 | Temple   | Entered the Ecumenical Temple
  6603 | Temple   | Became a worshipper of Yredelemnul the Dark
  6900 | D:8      | Reached * piety under Yredelemnul
  6982 | D:8      | Reached XP level 10. HP: 70/91 MP: 12/12
  7149 | D:8      | Reached ** piety under Yredelemnul
  7279 | D:8      | Reached skill level 1 in Invocations
  7282 | D:8      | Reached *** piety under Yredelemnul
  7454 | D:8      | Found a blossoming altar of Fedhas.
  7466 | D:8      | Noticed an oklob plant
  7715 | D:9      | Noticed a boulder beetle
  7726 | D:9      | a boulder beetle changed into a tyrant leech
  8041 | D:10     | Entered Level 10 of the Dungeon
  8049 | D:9      | Reached skill level 10 in Fighting
  8229 | D:9      | Reached skill level 5 in Invocations
  8439 | D:9      | Noticed a kobold demonologist
  8440 | D:9      | Noticed a kobold demonologist
  8448 | D:9      | Killed a kobold demonologist
  8452 | D:9      | Killed a kobold demonologist
  8452 | D:9      | Reached **** piety under Yredelemnul
  8475 | D:9      | Reached ***** piety under Yredelemnul
  8978 | D:10     | Reached XP level 11. HP: 99/99 MP: 16/16
  9054 | D:10     | Reached skill level 15 in Axes
  9270 | D:10     | Found a staircase to the Lair.
  9799 | D:11     | Noticed a skeletal warrior
  9819 | D:10     | Killed a skeletal warrior
  9970 | D:11     | Noticed a skeletal warrior
  9983 | Lair:1   | Entered Level 1 of the Lair of Beasts
 10165 | Lair:1   | Reached skill level 10 in Invocations
 10440 | Lair:1   | Identified the +10 war axe "Demoq" {drain, Fly Int+2 Dex-5}
 10456 | Lair:1   | Noticed a boulder beetle
 10475 | Lair:1   | Killed a boulder beetle
 10796 | Lair:1   | Noticed Prince Ribbit
 10803 | Lair:1   | Reached skill level 11 in Fighting
 10819 | Lair:1   | Killed Prince Ribbit
 10819 | Lair:1   | Enslaved Prince Ribbit
 10819 | Lair:1   | Noticed Prince Ribbit
 10921 | Lair:1   | Noticed a five-headed hydra
 10928 | Lair:1   | Killed a two-headed hydra
 10929 | Lair:1   | Reached XP level 12. HP: 108/110 MP: 19/19
 11489 | Lair:2   | Found a runed translucent gate.
 11490 | Lair:2   | Found a runed translucent gate.
 11491 | Lair:2   | Found a runed translucent gate.
 11578 | Lair:2   | Noticed Manslay's ghost (journeyman OpCj)
 11652 | Lair:2   | Reached skill level 12 in Fighting
 11709 | Lair:2   | Found a dark tunnel.
 11724 | Volcano  | Entered a volcano
 11996 | Volcano  | Reached skill level 13 in Fighting
 11996 | Volcano  | Reached skill level 10 in Armour
 12755 | Lair:2   | Found a hole to the Spider Nest.
 12854 | Lair:2   | Reached skill level 14 in Fighting
 13034 | Lair:2   | Noticed Amaemon
 13049 | Lair:2   | Killed Amaemon
 13049 | Lair:2   | Enslaved Amaemon
 13332 | Lair:3   | Noticed an eight-headed hydra
 13332 | Lair:3   | Noticed a four-headed hydra
 13339 | Lair:3   | Found a staircase to the Swamp.
 13341 | Lair:3   | Killed a six-headed hydra
 13342 | Lair:3   | Reached skill level 15 in Fighting
 13345 | Lair:3   | Killed a one-headed hydra
 13346 | Lair:3   | Reached XP level 13. HP: 114/126 MP: 20/20
 13479 | Lair:3   | Noticed Nergalle
 13490 | Lair:3   | Killed Nergalle
 13847 | Lair:3   | Reached ****** piety under Yredelemnul
 15054 | Lair:5   | Entered Level 5 of the Lair of Beasts
 15446 | Lair:5   | Reached skill level 16 in Fighting
 15880 | Lair:5   | Reached skill level 17 in Fighting
 15932 | Lair:5   | Reached XP level 14. HP: 121/140 MP: 24/24
 16096 | Lair:5   | Found a viscous altar of Jiyva.
 16097 | Lair:5   | Found a staircase to the Slime Pits.
 16558 | Lair:5   | Reached skill level 18 in Fighting
 17017 | D:11     | Found a staircase to the Orcish Mines.
 18220 | D:12     | Identified a scroll of acquirement
 18221 | D:12     | Acquired 659 gold pieces
 18267 | D:12     | Noticed Nessos
 18279 | D:12     | Reached skill level 19 in Fighting
 18281 | D:12     | Your ally Amaemon died
 18290 | D:12     | Shot with an arrow by Nessos

Illustrated notes

Levels and vault maps discovered:
D:1:      lemuel_arrival_room, layout_loops_ring, shapermc_ecumenical_altar_gd
D:2:      layout_basic, basic_altar, kennysheep_flooded_box,
          nicolae_figureground_sparkle, uniq_jessica
D:3:      gammafunk_wand_slinger, layout_loops_ring
D:4:      layout_basic, grunt_temple_overflow_open,
          gammafunk_ghost_abyssal_escape, serial_shops, shop,
          nicolae_shop_bloodbath_and_beyond
D:5:      layout_basic, cheibrodos_ashenzari_chains
D:6:      nicolae_cairo_tiling_very_big, layout_rooms, serial_shops,
          nicolae_square_shop, uniq_menkaure, uniq_sigmund, uniq_pikel
D:7:      layout_loops_cross, minmay_temple_entry_junction, uniq_maggie
D:8:      layout_rooms, tgw_fedhas, nicolae_elevator_lobby_asterisk
D:9:      layout_long_grid
D:10:     layout_roguey, lair_entry_dummy
D:11:     layout_loops_ring, orc_0_dummy, minmay_liquid_box
D:12:     layout_rooms, minmay_fractal_squares_gapless_7, uniq_nessos
Temple:   nicolae_temple_superstar
Lair:1:   layout_cave_pods, beast_lair_carwin_1, lemuel_fruit_fields,
          lemuel_fruit_tree, uniq_prince_ribbit2
Lair:2:   layout_roguey, hellmonk_spider_entry_not_the_bees, enter_volcano_3,
          gammafunk_ghost_split, hangedman_lair_unloving_vines,
          chequers_serial_rivers_small_a, uniq_amaemon
Lair:3:   layout_small_grid, palyth_hydra_swamp_entry, uniq_nergalle
Lair:4:   layout_regular_city
Lair:5:   minmay_lair_end_enchanted_forest, layout_regular_city,
          dpeg_slime_entry_enclosed, portal_ice_cave_rime, lemuel_old_faithful

Skill      XL: |  1  2  3  4  5  6  7  8  9 10 11 12 13 14 |
---------------+-------------------------------------------+-----
Fighting       | 3 4 5 6 9 10 11 15 17 19 | 19.1
Axes           | 5 6 8 10 12 14 16 | 16.0
Shields        | 1 2 3 4 |  4.0
Armour         | 3 5 6 8 10 | 10.0
Invocations    | 7 10 14 | 14.0
Spellcasting   | |  1.5
Air Magic      | |  1.0
Evocations     | |  1.0

Action                   |  1- 3 |  4- 6 |  7- 9 | 10-12 | 13-15 || total
-------------------------+-------+-------+-------+-------+-------++-------
Melee: Hand axe          |    71 |   128 |   186 |       |       ||   385
       Punch             |     1 |       |       |       |       ||     1
       Headbutt          |       |       |    44 |    77 |    43 ||   164
       War axe           |       |       |   131 |   418 |   318 ||   867
Invok: Bind Soul         |       |       |       |     3 |       ||     3
       Recall Undead Har |       |       |       |     3 |     2 ||     5
       Drain Life        |       |       |       |       |     2 ||     2
Evoke: Wand              |       |       |     1 |     1 |       ||     2
  Use: Scroll            |       |     7 |    10 |     9 |     3 ||    29
       Potion            |       |       |     4 |       |       ||     4
 Stab: Distracted        |       |       |       |     5 |     6 ||    11
Armor: Ring mail         |    25 |    42 |   121 |       |       ||   188
       Swamp dragon scal |       |       |    13 |   173 |    98 ||   284
Dodge: Dodged            |    32 |    58 |   198 |   228 |   170 ||   686
Block: Buckler           |     2 |    19 |    65 |    59 |    37 ||   182
